 Seeded DCSS version 0.27-a0-1312-g5cdb2b3542 (webtiles) character file.

Game seed: 14170726513584504176 (custom seed)

16 flotson the Sneak (level 2, 0/24 HPs)
             Began as a Demonspawn Delver on June 20, 2021.
             Succumbed to an adder's poison
             ... on level 5 of the Dungeon.
             The game lasted 00:00:40 (147 turns).

flotson the Sneak (Demonspawn Delver)                Turns: 147, Time: 00:00:41

Health: 0/24       AC:  5    Str: 12    XL:     2   Next: 41%
Magic:  2/2        EV: 12    Int: 11    God:
Gold:   0          SH:  0    Dex: 14    Spells: 1/1 levels left

rFire    . . .     SeeInvis .   a - +0 hand axe
rCold    . . .     Faith    .   (no shield)
rNeg     . . .     Spirit   .   b - +0 leather armour
rPois    .         Reflect  .   h - +1 helmet
rElec    .         Harm     .   (no cloak)
rCorr    .         Rampage  .   (no gloves)
Will     .....                  (no boots)
Stlth    ++........             (no amulet)
HPRegen  0.08/turn              (no ring)
MPRegen  0.08/turn              (no ring)

@: lethally poisoned (0 -> -1)
A: demonic guardian 1
a: no special abilities


You were on level 5 of the Dungeon.
You visited 1 branch of the dungeon, and saw 1 of its levels.

Inventory:

Hand Weapons
 a - a +0 hand axe (weapon)
Armour
 b - a +0 leather armour (worn)
 h - a +1 helmet (worn)
Wands
 g - a wand of digging (3)
Scrolls
 c - a scroll of fog
 d - a scroll of magic mapping
 e - a scroll of fear


   Skills:
 + Level 3.2 Fighting
 + Level 2.0 Axes
 + Level 0.7 Armour
 + Level 2.1 Dodging
 - Level 4.5 Stealth


You had one spell level left.
You didn't know any spells.
Your spell library was empty.

Dungeon Overview and Level Annotations

Branches:
Dungeon (5/15)
 Temple: D:4-7

Altars:


Innate Abilities, Weirdness & Mutations

A weak demonic guardian rushes to your aid.


Message History

Your demonic ancestry asserts itself...
You feel the presence of a demonic guardian.
Things that are here:
a +0 mace; a +0 leather armour An orc comes into view.
It is wielding a +0 mace.
A rat comes into view.
You start resting.
You hear the slow rusting of a drain very nearby.
Your extra speed is starting to run out.
You start resting.
A centaur zombie comes into view.
You feel yourself slow down.
You start resting.
You hear the slow rusting of a drain very nearby.
You start resting.
An adder comes into view.
You see here 23 stones.
You closely miss the adder. The adder bites you. The adder barely misses you.
You barely miss the adder. The adder bites you.
You are poisoned.
The adder poisons you!
You barely miss the adder.
You feel sick. The adder barely misses you. The adder bites you.
* * * LOW HITPOINT WARNING * * *
You are lethally poisoned!
The adder poisons you!
You closely miss the adder.
* * * LOW HITPOINT WARNING * * *
You feel sick. The adder bites you but does no damage.
You closely miss the adder.
* * * LOW HITPOINT WARNING * * *
You feel sick. The adder barely misses you. The adder closely misses you.
You hit the adder but do no damage.
* * * LOW HITPOINT WARNING * * *
You feel sick. The adder barely misses you.
You closely miss the adder.
* * * LOW HITPOINT WARNING * * *
You feel sick. The adder bites you but does no damage. The adder misses you.
You barely miss the adder.
You die...

#...# #...# .....
#...## ..o. #....##
#... #.....# #..####
#...#.# ##.. ≈≈ #...#.#
#... ≈≈ #...#.####.#.#≈
###.#..##.@#.#r
####.##.##S##.'######.#
...........##..)......#
...........###.###.##.#
...........# #.###.#
...........###.>..Z##
......................
..........####..####..
..........# ..##


You could see an adder and an orc (wandering).

Vanquished Creatures
  A hound zombie (D:5)
  An orc (D:5)
2 creatures vanquished.

Notes
Turn   | Place    | Note
-------+----------+-------------------------------------------
     0 | D:5      | flotson the Demonspawn Delver began the quest for the Orb.
     0 | D:5      | Reached XP level 1. HP: 18/18 MP: 1/1
    46 | D:5      | Gained mutation: A weak demonic guardian rushes to your
                  | aid. [demonic ancestry]
    46 | D:5      | Reached XP level 2. HP: 10/24 MP: 2/2
   146 | D:5      | HP: 1/24 [poisoned by an adder]
   147 | D:5      | Succumbed to an adder's poison

Illustrated notes

Levels and vault maps discovered:
D:5:      layout_rooms, portal_sewer_entry_c

Skill      XL: |  1 |
---------------+----+-----
Axes           | 2 |  2.0
Dodging        | 2 |  2.1
Fighting       | |  3.2
Armour         | |  0.7
Stealth        | |  4.5

Action                   || total
-------------------------++-------
Melee: Hand axe          ||    22
  Use: Potion            ||     1
Armor: Leather armour    ||     5
Dodge: Dodged            ||     9

Table legend: (Time is in decaauts)
 A = Elapsed time spent in this place.
 B = Non-inter-level travel time spent in this place.
 C = Inter-level travel time spent in this place.
 D = Time resting spent in this place.
 E = Time spent auto-exploring this place.
 F = Levels seen in this place.
 G = Mean time per level.
                   A        B        C        D        E       F      G
               +--------+--------+--------+--------+--------+-----+--------+
         Total |    139 |    139 |      0 |     72 |     13 |   1 |  139.0 |
       Dungeon |    139 |    139 |      0 |     72 |     13 |   1 |  139.0 |
               +--------+--------+--------+--------+--------+-----+--------+

Top non-repeatable levels by time:
     D:5: 139 daAuts
